 Dungeon Crawl Stone Soup version 0.30-a0-457-g4b7bca3bfa (webtiles) character file.

Game seed: 1313331036037122767

51 AigisTheKnight the Digger (level 3, 0/20 HPs)
             Began as a Gargoyle Earth Elementalist on Dec 12, 2022.
             Slain by an orc
             ... wielding a +0 mace
              (3 damage)
             ... on level 2 of the Dungeon.
             The game lasted 00:01:39 (1526 turns).

AigisTheKnight the Digger (GrEE)                    Turns: 1526, Time: 00:01:40

Health: 0/20       AC:  5    Str: 11    XL:     3   Next: 83%
Magic:  1/6        EV: 12    Int: 17    God:
Gold:   60         SH:  0    Dex: 10    Spells: 6/7 levels left

rFire   . . .      SeeInvis .    c - +0 mace (holy)
rCold   . . .      Faith    .    (no shield)
rNeg    + . .      Spirit   .    a - +0 robe
rPois   ∞          Reflect  .    (no helmet)
rElec   +          Harm     .    (no cloak)
rCorr   .          Rampage  .    (no gloves)
Will    .....                    (no boots)
Stlth   ++........               (no amulet)
HPRegen 0.23/turn                (no ring)
MPRegen 0.10/turn                (no ring)

@: no status effects
A: sickness immunity, AC +3, negative energy resistance 1, electricity
resistance, torment resistance 1, petrification resistance
a: no special abilities


You were on level 2 of the Dungeon.
You visited 1 branch of the dungeon, and saw 2 of its levels.

You collected 60 gold pieces.

Inventory:

Hand Weapons
 c - a +0 mace of holy wrath (weapon)
Armour
 a - a +0 robe (worn)
Jewellery
 i - a ring of see invisible
Scrolls
 d - 2 scrolls of teleportation {unknown}
 e - a scroll of identify {unknown}
 h - a scroll of noise {unknown}
Potions
 b - a potion of magic
 f - a potion of brilliance {unknown}
 g - a potion of curing {unknown}


   Skills:
 + Level 1.5 Fighting
 + Level 2.1 Dodging
 - Level 2.1 Stealth
 + Level 2.5 Spellcasting
 - Level 0.7 Transmutations
 + Level 4.2 Earth Magic


You had 6 spell levels left.
You knew the following spells:

 Your Spells              Type           Power      Damage    Failure   Level
a - Sandblast             Erth           32%        2d9       3%          1

Your spell library contained the following spells:

 Spells                   Type           Power      Damage    Failure   Level
 Passwall                 Tmut/Erth      8%         N/A       10%         2
 Stone Arrow              Conj/Erth      18%        3d8       22%         3
 Petrify                  Tmut/Erth      10%        N/A       54%         4


Dungeon Overview and Level Annotations

Branches:
Dungeon (2/15)

Altars:


Innate Abilities, Weirdness & Mutations

You are immune to sickness and miasma.
Your stone body is resilient. (AC +3)
You are immune to poison.
You resist negative energy. (rN+)
You are resistant to electric shocks. (rElec)
You are resistant to unholy torment.
You are immune to petrification.


Message History

Aim: an orc, wielding a +0 mace and wearing a +0 chain mail (87% to hit)
The blast of sand hits the orc but does no damage.
An orc comes into view. It is wielding a +0 short sword.
Unknown command.
Casting: Sandblast (safe; 3% risk of failure)
Confirm with . or Enter, or press ? or * to list all spells.
Aiming: Sandblast (safe; 3% risk of failure)
Press: ? - help, Shift-Dir - straight line, f/p - orc
Aim: an orc, wielding a +0 mace and wearing a +0 chain mail (87% to hit)
The blast of sand hits the orc but does no damage.
The orc hits you with a +0 mace.
Unknown command.
Casting: Sandblast (safe; 3% risk of failure)
Confirm with . or Enter, or press ? or * to list all spells.
You don't have enough magic to cast this spell.
Unknown command.
Unknown command.
Casting: Sandblast (safe; 3% risk of failure)
Confirm with . or Enter, or press ? or * to list all spells.
You don't have enough magic to cast this spell.
Unknown command.
You closely miss the orc. The orc barely misses you.
You hit the orc but do no damage. You sock the orc!
You kill the orc!
The orc barely misses you.
You barely miss the orc. The orc misses you.
Casting: Sandblast (safe; 3% risk of failure)
Confirm with . or Enter, or press ? or * to list all spells.
Aiming: Sandblast (safe; 3% risk of failure)
Press: ? - help, Shift-Dir - straight line, f/p - orc
Aim: an orc, wielding a +0 mace and wearing a +0 chain mail (87% to hit)
The blast of sand hits the orc but does no damage.
The orc hits you with a +0 mace!
* * * LOW HITPOINT WARNING * * *
The orc closely misses you.
You hit the orc but do no damage. The orc misses you.
You hit the orc but do no damage. The orc closely misses you.
You hit the orc but do no damage. The orc hits you with a +0 mace.
You die...

##.....###.....
#..............
#......###.#.##
#......# #.#..#
#......###.##.#
#.##....##....#
#.##....##..###
########.......##..#
#
#...o@.......####..#
#.######.....####..#
# #...........# #
#.#######...### #.#
#.....# #.# #.#.#.#
#.# #.#.#.# #.#
#.#.#.# #.# #.#.#.#


You could see an orc.

Vanquished Creatures
  An adder (D:2)
  2 dart slugs (D:1)
  2 orcs (D:2)
  2 ball pythons (D:1)
  5 bats
  3 endoplasms (D:1)
  A giant cockroach (D:1)
  2 goblins (D:1)
  6 hobgoblins
  2 quokkas
  A frilled lizard (D:1)
  4 kobolds
  3 rats
34 creatures vanquished.

Notes
Turn   | Place    | Note
-------+----------+-------------------------------------------
     0 | D:1      | AigisTheKnight the Gargoyle Earth Elementalist began the
                  | quest for the Orb.
     0 | D:1      | Reached XP level 1. HP: 10/10 MP: 3/3
    88 | D:1      | Found a faded altar of an unknown god.
   204 | D:1      | Reached XP level 2. HP: 16/16 MP: 3/5
   402 | D:1      | Reached skill level 1 in Fighting
   575 | D:1      | Reached skill level 4 in Earth Magic
   602 | D:1      | Reached XP level 3. HP: 20/20 MP: 3/6
  1526 | D:2      | Slain by an orc

Illustrated notes

Levels and vault maps discovered:
D:1:      dpeg_arrival_simpleton_a, layout_basic,
          chequers_ecumenical_altar_simple_redux, minmay_splitting_lines,
          hex_medium, serial_bayou_lagoon_a, minmay_pentomino_x4
D:2:      layout_basic, chequers_serial_rivers_small_3

Skill      XL: |  1  2  3 |
---------------+----------+-----
Fighting       | 1 |  1.5
Earth Magic    | 4 |  4.2
Dodging        | 2 |  2.1
Stealth        | |  2.1
Spellcasting   | |  2.5
Transmutations | |  0.7

Action                   || total
-------------------------++-------
Melee: Unarmed           ||    21
       Mace              ||    10
 Cast: Sandblast         ||    53
 Stab: Sleeping          ||     1
Armor: Robe              ||    14
Dodge: Dodged            ||    35

Table legend: (Time is in decaauts)
 A = Elapsed time spent in this place.
 B = Non-inter-level travel time spent in this place.
 C = Inter-level travel time spent in this place.
 D = Time resting spent in this place.
 E = Time spent auto-exploring this place.
 F = Levels seen in this place.
 G = Mean time per level.
                   A        B        C        D        E       F      G
               +--------+--------+--------+--------+--------+-----+--------+
         Total |   1562 |   1527 |     35 |     38 |   1260 |   2 |  781.0 |
       Dungeon |   1562 |   1527 |     35 |     38 |   1260 |   2 |  781.0 |
               +--------+--------+--------+--------+--------+-----+--------+

Top non-repeatable levels by time:
     D:1: 1113 daAuts
     D:2: 448 daAuts
